AoeStats
← ScruffyMcDuff

Arabia

503960937Analyzed
1v1 RM · 29d ago on Sep 3, 2026· 28m 9s· 2 players
Game mode
Random Map
Map size
Tiny (2 player)
Population
200
Speed
Normal
Resources
Standard
Victory
Conquest
Starting age
Dark Age
Ending age
Imperial Age
RankedLock teamsTeams togetherTeam positionsShared explorationLock speedFull tech treeHidden civsTurbo modeCheats
Victory
Defeat
🇨🇦 Burgundians · Canada
1160
+16
🇨🇦 Tatars · Canada
1165
-16
ScruffyMcDuff
5:13 Loom
9:28 Feudal Age
22:12 Forging
22:01 Double-Bit Axe
21:59 Horse Collar
26:33 Castle Age
25:28 Scale Barding Armor
26:19 Heavy Plow
26:31 Bow Saw
26:36 Gold Mining
27:19 Husbandry
26:50 Light Cavalry
Jas
6:21 Loom
9:35 Feudal Age
13:48 Castle Age
27:14 Pikeman
Connection lost

Rejoining the realm…

Still unreachable

The connection could not be restored.

Session expired

The server has moved on; the page needs a fresh start.